 Dungeon Crawl Stone Soup version 0.29.1-2-gbd0b4ee654 (webtiles) character file.

Game seed: 2500624031335398731

532 Sabo the Chopper (level 7, -1/55 HPs)
             Began as a Demonspawn Fighter on Nov 24, 2022.
             Was an Initiate of Okawaru.
             Succumbed to a scorpion's poison
             ... on level 5 of the Dungeon.
             The game lasted 00:24:11 (4697 turns).

Sabo the Chopper (Demonspawn Fighter)               Turns: 4697, Time: 00:24:11

Health: -1/55      AC: 25    Str: 18    XL:     7   Next: 3%
Magic:  7/7        EV:  1    Int: 12    God:    Okawaru [......]
Gold:   252        SH:  5    Dex: 19    Spells: 6/6 levels left

rFire   . . .      SeeInvis .   a - +0 war axe
rCold   . . .      Faith    .   c - +0 buckler
rNeg    . . .      Spirit   .   h - +8 orange crystal plate armour {Archmagi, Int+3 Clar}
rPois   .          Reflect  .   (no helmet)
rElec   .          Harm     .   (no cloak)
rCorr   +          Rampage  .   (no gloves)
Will    .....      Archmagi +   (no boots)
Stlth   .......... Clarity  +   (no amulet)
HPRegen 0.18/turn               r - ring of resist corrosion
MPRegen 0.10/turn               w - +6 ring of dexterity

@: lethally poisoned (-1 -> -20), hasted, very quick
A: claws 1, rugged brown scales 1, powered by death 1, powered by pain 1
a: Renounce Religion


You were on level 5 of the Dungeon.
You worshipped Okawaru.
Okawaru was noncommittal.
You visited 2 branches of the dungeon, and saw 6 of its levels.

You collected 252 gold pieces.

Inventory:

Hand Weapons
 a - a +0 war axe (weapon)
 u - a +0 shortbow
Missiles
 q - 8 poisoned darts (quivered)
Armour
 c - a +0 buckler (worn)
 h - the +8 orange crystal plate armour (worn) {Archmagi, Int+3 Clar}
   (You acquired it on level 2 of the Dungeon)

   Int:       It affects your intelligence (+3).
   Clar:      It protects you against confusion.
Jewellery
 l - a ring of magical power
 m - a ring of willpower
 r - a ring of resist corrosion (left claw)
 w - a +6 ring of dexterity (right claw)
 y - a ring of protection from fire
 z - a ring of flight
Wands
 v - a wand of flame (19)
 B - a wand of light (9)
Scrolls
 g - 2 scrolls of fear
 j - a scroll of enchant armour
 k - 4 scrolls of teleportation
 p - a scroll of poison {unknown}
 s - a scroll of enchant weapon {unknown}
 t - a scroll of torment {unknown}
 x - a scroll of silence {unknown}
Potions
 b - 2 potions of haste
 d - a potion of might
 e - 2 potions of brilliance {unknown}
 f - 2 potions of attraction {unknown}
 i - 3 potions of berserk rage {unknown}
 n - a potion of lignification {unknown}
 o - 3 potions of heal wounds {unknown}
 A - 2 potions of curing {unknown}


   Skills:
 + Level 4.1 Fighting
 + Level 5.2 Axes
 + Level 4.0 Armour
 + Level 0.2 Dodging
 + Level 3.5 Shields


You had 6 spell levels left.
You didn't know any spells.
Your spell library contained the following spells:

 Spells                   Type           Power      Damage    Failure   Level
 Dazzling Flash           Conj/Hex       0%         N/A       100%        3
 Ozocubu's Armour         Ice            0%         N/A       100%        3
 Agony                    Necr           0%         N/A       100%        5
 Silence                  Hex/Air        0%         N/A       100%        5
 Ozocubu's Refrigeration  Ice            0%         4d7       100%        7


Dungeon Overview and Level Annotations

Branches:
Dungeon (5/15)             Temple (1/1) D:4

Altars:
Cheibriados
Dithmenos
Fedhas
Gozag
Hepliaklqana
Makhleb
Okawaru
Qazlal
Sif Muna
Trog
Wu Jian
Yredelemnul


Innate Abilities, Weirdness & Mutations

You have sharp fingernails.
You are partially covered in rugged brown scales. (AC +1, +3% HP)
You regenerate a little health from kills.
You sometimes gain a little power by taking damage.


Message History

The water moccasin is heavily wounded.
You hit the scorpion. You closely miss the scorpion.
You block the water moccasin's attack. The scorpion stings you.
* * * LOW HITPOINT WARNING * * *
The scorpion stings you but does no damage.
You block the water moccasin's attack.
The scorpion stings you but does no damage. x2
You slash the water moccasin!
You kill the water moccasin!
Okawaru is honoured by your kill.
You barely miss the scorpion. You hit the scorpion but do no damage.
The scorpion completely misses you.
The scorpion stings you but does no damage. x2
Your Fighting skill increases to level 4!
Your Axes skill increases to level 5!
You hit the scorpion.
The scorpion is almost dead.
You hit the scorpion.
The scorpion stings you but does no damage.
You block the scorpion's attack. The scorpion stings you.
* * * LOW HITPOINT WARNING * * *
You are lethally poisoned!
The scorpion poisons you!
You hit the scorpion but do no damage.
The scorpion is severely wounded.
You slash the scorpion!
You kill the scorpion!
Okawaru accepts your kill.
* * * LOW HITPOINT WARNING * * *
You feel very sick. You block the scorpion's attack. The scorpion stings you.
* * * LOW HITPOINT WARNING * * *
You are more poisoned.
The scorpion poisons you!
Your Armour skill increases to level 4!
You have reached level 7!
Your demonic ancestry asserts itself...
You feel energised by your suffering.
It was a potion of haste.
You feel yourself speed up.
You die...

###### .....# .. .....#
... .....# .... ..####
#.... ..# ####...?
################..?#.#.#
.........^......s.......
.###############@......#
.......## #.......#
.#####..#### #.......#
## #.......# ######...
#.......# ## #.......#
####..### ##.########
##.<.......


You could see a scorpion.

Vanquished Creatures
  A water moccasin (D:5)
  An ogre (D:3)
  3 scorpions
  A hound (D:5)
  5 adders
  A worm (D:4)
  2 dart slugs
  7 orcs
  5 endoplasms
  2 giant cockroaches
  2 goblins
  7 hobgoblins
  8 jackals
  11 kobolds
  3 quokkas
  8 ball pythons
  2 bats
  A frilled lizard (D:1)
  6 rats
76 creatures vanquished.

Vanquished Creatures (others)
  5 plants (D:4)
5 creatures vanquished.

Grand Total: 81 creatures vanquished

Notes
Turn   | Place    | Note
-------+----------+-------------------------------------------
     0 | D:1      | Sabo the Demonspawn Fighter began the quest for the Orb.
     0 | D:1      | Reached XP level 1. HP: 18/18 MP: 1/1
   499 | D:1      | Gained mutation: You are partially covered in rugged brown
                  | scales. (AC +1, +3% HP) [demonic ancestry]
   499 | D:1      | Reached XP level 2. HP: 18/24 MP: 2/2
   973 | D:1      | Reached skill level 2 in Axes
  1164 | D:1      | Identified a scroll of acquirement
  1195 | D:2      | Acquired the +8 orange crystal plate armour {Archmagi,
                  | Int+3 Clar}
  1195 | D:2      | Found the +8 orange crystal plate armour {Archmagi, Int+3
                  | Clar}
  1382 | D:2      | Reached XP level 3. HP: 29/29 MP: 3/3
  1508 | D:2      | Found a faded altar of an unknown god.
  2179 | D:3      | Reached XP level 4. HP: 36/36 MP: 4/4
  2203 | D:3      | Noticed an ogre
  2204 | D:3      | Found a blossoming altar of Fedhas.
  2261 | D:3      | Killed an ogre
  2262 | D:3      | Reached skill level 3 in Axes
  2262 | D:3      | Gained mutation: You have sharp fingernails. [demonic
                  | ancestry]
  2262 | D:3      | Reached XP level 5. HP: 4/42 MP: 5/5
  2569 | D:3      | Reached skill level 4 in Axes
  2746 | D:3      | Found a transporter.
  2756 | D:3      | Found a transporter.
  2929 | D:3      | Gained mutation: You regenerate a little health from kills.
                  | [demonic ancestry]
  2929 | D:3      | Reached XP level 6. HP: 38/49 MP: 6/6
  3613 | D:4      | Found a staircase to the Ecumenical Temple.
  3654 | Temple   | Entered the Ecumenical Temple
  3654 | Temple   | Found a transporter.
  3654 | Temple   | Found a transporter.
  3656 | Temple   | Found a transporter.
  3656 | Temple   | Found a transporter.
  3802 | Temple   | Became a worshipper of Warmaster Okawaru
  4326 | D:5      | Entered Level 5 of the Dungeon
  4680 | D:5      | Noticed a water moccasin
  4694 | D:5      | Killed a water moccasin
  4695 | D:5      | Reached skill level 5 in Axes
  4697 | D:5      | Gained mutation: You sometimes gain a little power by
                  | taking damage. [demonic ancestry]
  4697 | D:5      | Reached XP level 7. HP: 3/55 MP: 7/7
  4697 | D:5      | Succumbed to a scorpion's poison

Illustrated notes

Levels and vault maps discovered:
D:1:      dpeg_arrival_pond, layout_loops_ring
D:2:      layout_loops_ring, shapermc_ecumenical_altar_venn
D:3:      gammafunk_wand_slinger, layout_rooms, mainiacjoe_overflow_alcove_1
D:4:      layout_loops_ring, minmay_temple_entry_ruins, chequers_big_river,
          grunt_ministairs_8, corner_web_ring
D:5:      layout_basic, st_stairs_4, minmay_misc_feat_more_columns,
          uniq_eustachio
Temple:   hellmonk_temple_divided_pantheon

Skill      XL: |  1  2  3  4  5  6 |
---------------+-------------------+-----
Shields        | 3 |  3.5
Axes           | 2 3 4 5 |  5.2
Armour         | 3 4 |  4.0
Fighting       | 4 |  4.1
Dodging        | |  0.2

Action                   |  1- 3 |  4- 6 |  7- 9 || total
-------------------------+-------+-------+-------++-------
Melee: War axe           |   111 |   133 |       ||   244
  Use: Scroll            |     5 |     1 |       ||     6
       Potion            |       |       |     1 ||     1
Armor: Scale mail        |    14 |       |       ||    14
       Plate armour      |    12 |       |       ||    12
       Crystal plate arm |    64 |   173 |       ||   237
Dodge: Dodged            |    15 |     8 |       ||    23
Block: Buckler           |    40 |    51 |       ||    91
